 Dungeon Crawl Stone Soup version 0.32-a0-18-g89e19f1974 (console) character file.

Game seed: 10422041003727364593

26162 Ignak the Thaumaturge (level 13, -1/99 HPs)
             Began as a Gnoll Hedge Wizard on Jan 16, 2024.
             Was an Elder of Sif Muna.
             Slain by an orc warlord
             ... wielding a +0 halberd
              (48 damage)
             ... on level 1 of the Orcish Mines.
             The game lasted 00:51:11 (13826 turns).

Ignak the Thaumaturge (Gnoll Hedge Wizard)         Turns: 13826, Time: 00:51:11

Health: -1/99      AC: 11    Str: 10    XL:     13   Next: 24%
Magic:  6/28       EV: 24    Int: 19    God:    Sif Muna [****..]
Gold:   357        SH:  0    Dex:  7    Spells: 10/34 levels left

rFire   . . .        U - +2 dagger (venom)
rCold   . . .        (no shield)
rNeg    + . .        y - +2 robe
rPois   .            q - +2 helmet
rElec   .            w - scarf of Dicsoafi {repulsion, +Blink rN+ rCorr Dex-4}
rCorr   +            (no gloves)
SInv    .            n - +2 pair of boots
Will    .....        P - amulet of regeneration
Stlth   ++++         o - +5 ring of evasion
HPRegen 1.16/turn    m - +5 ring of evasion
MPRegen 0.21/turn

%: repel missiles
@: no status effects
A: fangs 1, strong nose, distributed training
a: Renounce Religion, Evoke Blink, Channel Magic, Forget Spell, Divine Exegesis


You were on level 1 of the Orcish Mines.
You worshipped Sif Muna.
Sif Muna was greatly pleased with you.
You visited 3 branches of the dungeon, and saw 15 of its levels.

You collected 1291 gold pieces.
You spent 934 gold pieces at shops.

Inventory:

Hand Weapons
 b - the +4 falchion "Sarcophage" {heavy, rElec rC+ Str+4}
   (You found it on level 6 of the Dungeon)

   Str+4:     It affects your strength (+4).
   rC+:       It protects you from cold.
   rElec:     It insulates you from electricity.
 s - a +5 dire flail
 S - the +2 dagger "Vierhichai" {speed, rN+ Will+ Int-3}
   (You found it on level 2 of the Orcish Mines)

   Int-3:     It affects your intelligence (-3).
   rN+:       It protects you from negative energy.
   Will+:     It increases your willpower.
 U - a +2 dagger of venom (weapon)
Missiles
 c - 38 poisoned darts (quivered)
 E - 2 throwing nets
Armour
 g - an orb of energy
 n - a +2 pair of boots (worn)
 q - a +2 helmet (worn)
 t - a +0 leather armour of cold resistance
 w - the scarf of Dicsoafi (worn) {repulsion, +Blink rN+ rCorr Dex-4}
   (You bought it in a shop on level 2 of the Orcish Mines)

   Dex-4:     It affects your dexterity (-4).
   rN+:       It protects you from negative energy.
   +Blink:    It lets you blink.
   rCorr:     It protects you from acid and corrosion.
 y - a +2 robe (worn)
 T - a +1 cloak
Magical Staves
 a - a staff of alchemy
 I - a staff of air
Jewellery
 m - a +5 ring of evasion (right hand)
 o - a +5 ring of evasion (left hand)
 M - a ring of flight
 P - an amulet of regeneration (around neck)
Wands
 e - a wand of flame (34)
 x - a wand of digging (7)
 F - a wand of iceblast (6)
 K - a wand of light (4)
 R - a wand of polymorph (6)
Scrolls
 h - 4 scrolls of vulnerability
 i - 4 scrolls of poison
 j - 3 scrolls of fear
 l - a scroll of teleportation
 r - a scroll of amnesia
 u - a scroll of revelation
 A - a scroll of enchant weapon
 H - 3 scrolls of enchant armour
 L - a scroll of silence
 O - 2 scrolls of identify
Potions
 d - a potion of magic
 f - 2 potions of haste {unknown}
 k - 4 potions of attraction
 p - a potion of lignification
 v - a potion of degeneration {unknown}
 z - 5 potions of curing
 C - a potion of brilliance
 D - a potion of enlightenment {unknown}
 G - a potion of heal wounds
 J - 2 potions of mutation {unknown}
 N - 2 potions of might {unknown}
 Q - a potion of cancellation {unknown}


   Skills:
 + Level 8.4 Fighting
 + Level 8.4 Short Blades
 + Level 8.4 Long Blades
 + Level 8.4 Axes
 + Level 8.4 Maces & Flails
 + Level 8.4 Polearms
 + Level 8.4 Staves
 + Level 8.4 Ranged Weapons
 + Level 8.4 Throwing
 + Level 8.4 Armour
 + Level 9.6 Dodging
 + Level 9.4 Stealth
 + Level 8.4 Shields
 + Level 8.4 Unarmed Combat
 + Level 11.0 Spellcasting
 + Level 7.3 Conjurations
 + Level 7.0 Hexes
 + Level 7.3 Summonings
 + Level 7.0 Necromancy
 + Level 7.3 Translocations
 + Level 7.0 Fire Magic
 + Level 7.0 Ice Magic
 + Level 7.0 Air Magic
 + Level 7.0 Earth Magic
 + Level 7.0 Alchemy
 + Level 9.2 Invocations
 + Level 8.4 Evocations
 + Level 7.6 Shapeshifting


You had 10 spell levels left.
You knew the following spells:

 Your Spells              Type           Power      Damage    Failure   Level
a - Teleport Other        Tloc           38%        N/A       1%          3
b - Blink                 Tloc           76%        N/A       1%          2
c - Ensorcelled Hibernat  Hex/Ice        74%        N/A       1%          2
d - Mephitic Cloud        Conj/Alch/Air  37%        N/A       1%          3
e - Call Imp              Summ           76%        N/A       1%          2
f - Dispel Undead         Necr           37%        3d15      3%          4
q - Anguish               Hex/Necr       18%        N/A       3%          4
z - Olgreb's Toxic Radia  Alch           37%        N/A       3%          4

Your spell library contained the following spells:

 Spells                   Type           Power      Damage    Failure   Level
 Freeze                   Ice            100%       1d10      1%          1
 Kiss of Death            Conj/Necr      100%       2d13      1%          1
 Magic Dart               Conj           100%       1d8       1%          1
 Slow                     Hex            100%       N/A       1%          1
 Cigotuvi's Dreadful Rot  Necr/Alch/Air  74%        N/A       1%          2
 Confusing Touch          Hex            37%        N/A       1%          3
 Frozen Ramparts          Ice            74%        1d12      1%          3
 Fugue of the Fallen      Necr           37%        N/A       1%          3
 Gell's Gravitas          Tloc           38%        N/A       1%          3
 Hailstorm                Conj/Ice       37%        3d9       1%          3
 Brom's Barrelling Bould  Conj/Erth      37%        2d6       3%          4
 Iskenderun's Battlesphe  Conj           38%        2d9       9%          5
 Summon Forest            Summ/Tloc      19%        N/A       9%          5
 Fireball                 Conj/Fire      18%        3d9       10%         5
 Summon Mana Viper        Hex/Summ       37%        N/A       10%         5
 Dispersal                Tloc           19%        N/A       45%         6
 Summon Cactus Giant      Summ           19%        N/A       45%         6
 Conjure Ball Lightning   Conj/Air       18%        3x3d6     47%         6
 Orb of Destruction       Conj           19%        9d8       95%         7
 Ozocubu's Refrigeration  Ice            18%        4d11      97%         7
 Discord                  Hex            18%        N/A       100%        8


Dungeon Overview and Level Annotations

Branches:
Dungeon (12/15)            Temple (1/1) D:6            Lair (0/5) D:9
    Orc (2/2) D:11            Elf (0/3) Orc:2

Altars:
Ashenzari
Cheibriados
Dithmenos
Elyvilon
Fedhas
Gozag
Hepliaklqana
Kikubaaqudgha
Makhleb
Nemelex Xobeh
Okawaru
Qazlal
Ru
Sif Muna
Trog
Uskayaw
Vehumet
Wu Jian
Xom
Yredelemnul
Zin
The Shining One

Shops:
D:1 :   D:2 =   D:5 !   D:6 ?   D:8 =   D:10 ((=:   Orc:1 *   Orc:2 [[(=

Portals:
Trove: D:11 (give +3 shadow dragon scales)


Innate Abilities, Weirdness & Mutations

You have very sharp teeth.
Your uncanny sense of smell can sniff out nearby items.
Your experience applies equally to all skills.


Message History

Press: ? - help, v - describe, . - travel, g - get item
Here: an orc warlord, wielding a +0 halberd and wearing a +0 chain mail (moderately wounded, strong, poisoned) Item here: a +0 heavy hand axe.
The floor.
Casting: Olgreb's Toxic Radiance (dangerous; 3% risk of failure)
Confirm with . or Enter, or press ? or * to list all spells.
Aiming: Ensorcelled Hibernation (safe; 1% risk of failure)
Press: ? - help, Shift-Dir - straight line, f - orc warlord
Aim: an orc warlord, wielding a +0 halberd and wearing a +0 chain mail (moderately wounded, strong, poisoned, chance to affect: 29%)
The orc warlord easily resists.
The orc knight looks even sicker.
The orc warlord looks even sicker.
Your +2 dagger of venom begins to drip with poison!
U - a +2 dagger of venom (weapon)
The orc shouts!
The orc is poisoned.
Casting: Ensorcelled Hibernation (safe; 1% risk of failure)
Confirm with . or Enter, or press ? or * to list all spells.
You don't know that spell.
Okay, then.
Unknown command.
Casting: Ensorcelled Hibernation (safe; 1% risk of failure)
Confirm with . or Enter, or press ? or * to list all spells.
Aiming: Ensorcelled Hibernation (safe; 1% risk of failure)
Press: ? - help, Shift-Dir - straight line, f/p - orc warlord
Aim: an orc warlord, wielding a +0 halberd and wearing a +0 chain mail (moderately wounded, strong, very poisoned, chance to affect: 29%)
The orc warlord looks drowsy...
The orc knight looks as sick as possible!
The orc warlord shouts!
The orc warlord looks even sicker.
The orc looks even sicker.
You hear a howl!
You hear a shout!
A warg comes into view.
The orc warlord hits you from afar with a +0 halberd!!
You kill the orc!
Sif Muna accepts your kill.
The orc warlord hits you from afar with a +0 halberd!!
Your magical contamination has completely faded away.
Your toxic aura wanes.
The orc warlord attacks as it pursues you!
The orc warlord hits you from afar with a +0 halberd!!!
You die...

#......##.##.[).#........#...##.#
#....##.#...[...................
###''##....[)#...................
.......#...................#..###
.#..........)..............#.###.
...)..........................#>.
....[....).h[).)..#..............
...).)..#........................
)....[.[.o.ho.o>@................
....[#.......#...................
o..^.......#.....................
......#................>.........
...#.###........#.............#..
......######.#..##...............
.#.#.## ......#...............
###### ##.##.###...#...##..#.# #
###############


You could see an orc warlord (strong, very poisoned), an orc knight (strong,
extremely poisoned), 2 wargs and an orc warrior (strong).

Vanquished Creatures
  An orc warlord (Orc:2)
  The ghost of tish the Martial Artist, a journeyman GnSh of Ru (Orc:2)
  Erolcha (D:10)
  4 orc high priests (Orc:2)
  Pikel (D:6)
  An ugly thing (D:11)
  An orc knight (Orc:1)
  A manticore (D:11)
  5 orc sorcerers
  A cyclops (D:11)
  Maurice (Orc:2)
  3 kobold blastminers
  2 kobold demonologists (D:10)
  An unseen horror (D:8)
  Psyche (D:10)
  4 trolls
  Grinder (D:6)
  4 shadows
  16 yaks
  Eustachio (D:4)
  2 wyverns
  2 steam dragons (D:9)
  2 vampire mosquitoes (D:9)
  2 wargs
  2 acid dragons
  Duvessa (D:4)
  An ice beast (D:6)
  35 orc warriors
  A black bear (D:4)
  6 centaurs
  9 ogres
  A lemure (D:6)
  3 kobold brigands
  5 bullfrogs
  3 scorpions (D:5)
  A gnoll sergeant (D:5)
  3 wights (D:6)
  Dowan (D:4)
  19 killer bees
  7 howler monkeys
  A bombardier beetle (D:4)
  3 hounds
  Crazy Yiuf (D:3)
  36 orc priests
  2 jellies (D:7)
  2 sleepcaps
  A gnoll bouda (D:5)
  5 iguanas (D:5)
  32 orc wizards
  4 gnolls (D:4)
  3 adders
  A shadow imp (D:5)
  A ribbon worm (D:5)
  4 dart slugs
  70 orcs
  5 bats
  2 endoplasms (D:2)
  3 giant cockroaches
  7 goblins
  6 hobgoblins
  4 jackals (D:4)
  30 kobolds
  3 quokkas
  8 ball pythons
  2 frilled lizards
  2 rats
  A butterfly (D:6)
396 creatures vanquished.

Vanquished Creatures (collateral kills)
  Urug (D:11)
  A water moccasin (D:7)
  2 sleepcaps
  A ribbon worm (D:2)
  3 orcs (D:3)
  A frilled lizard (D:3)
9 creatures vanquished.

Vanquished Creatures (others)
  A bullfrog (D:9)
  A wight (D:5)
2 creatures vanquished.

Grand Total: 407 creatures vanquished

Notes
Turn   | Place    | Note
-------+----------+-------------------------------------------
     0 | D:1      | Ignak the Gnoll Hedge Wizard began the quest for the Orb.
     0 | D:1      | Reached XP level 1. HP: 13/13 MP: 8/8
   530 | D:1      | Reached XP level 2. HP: 19/19 MP: 10/10
   566 | D:1      | Learned a level 2 spell: Blink
   569 | D:1      | Learned a level 2 spell: Call Imp
   572 | D:1      | Learned a level 2 spell: Ensorcelled Hibernation
   863 | D:1      | Reached XP level 3. HP: 15/25 MP: 5/11
  1205 | D:1      | Found Meexeo's Book Boutique.
  1301 | D:1      | Learned a level 3 spell: Mephitic Cloud
  1608 | D:2      | Reached skill level 1 in Invocations
  1748 | D:2      | Found Maichus's Jewellery Emporium.
  2197 | D:3      | Reached skill level 1 in Fighting
  2197 | D:3      | Reached skill level 1 in Short Blades
  2197 | D:3      | Reached skill level 1 in Long Blades
  2197 | D:3      | Reached skill level 1 in Axes
  2197 | D:3      | Reached skill level 1 in Maces & Flails
  2197 | D:3      | Reached skill level 1 in Polearms
  2197 | D:3      | Reached skill level 1 in Staves
  2197 | D:3      | Reached skill level 1 in Ranged Weapons
  2197 | D:3      | Reached skill level 1 in Throwing
  2197 | D:3      | Reached skill level 1 in Armour
  2197 | D:3      | Reached skill level 1 in Shields
  2197 | D:3      | Reached skill level 1 in Unarmed Combat
  2197 | D:3      | Reached skill level 1 in Evocations
  2307 | D:3      | Found a faded altar of an unknown god.
  2581 | D:3      | Reached skill level 1 in Shapeshifting
  2581 | D:3      | Reached XP level 4. HP: 32/32 MP: 13/13
  2596 | D:3      | Found a runed translucent door.
  2597 | D:3      | Noticed Crazy Yiuf
  2614 | D:3      | Killed Crazy Yiuf
  2615 | D:3      | Reached skill level 1 in Hexes
  2615 | D:3      | Reached skill level 1 in Necromancy
  2615 | D:3      | Reached skill level 1 in Fire Magic
  2615 | D:3      | Reached skill level 1 in Ice Magic
  2615 | D:3      | Reached skill level 1 in Air Magic
  2615 | D:3      | Reached skill level 1 in Earth Magic
  2615 | D:3      | Reached skill level 1 in Alchemy
  2756 | D:3      | Learned a level 4 spell: Olgreb's Toxic Radiance
  2760 | D:3      | Learned a level 3 spell: Teleport Other
  3215 | D:4      | Reached XP level 5. HP: 22/37 MP: 9/14
  3279 | D:4      | Noticed Dowan
  3285 | D:4      | Noticed Duvessa
  3446 | D:4      | Noticed Eustachio
  3463 | D:4      | HP: 1/37 [Eustachio/+0 falchion (2)]
  3480 | D:5      | Entered Level 5 of the Dungeon
  3620 | D:4      | Killed Eustachio
  3621 | D:4      | Reached skill level 5 in Dodging
  3621 | D:4      | Reached XP level 6. HP: 43/44 MP: 11/16
  3634 | D:4      | Identified the +3 long sword "Jiappay" {freeze, ^Fragile
                  | +Blink Will+}
  3817 | D:4      | Killed Dowan
  3881 | D:4      | Killed Duvessa
  3882 | D:4      | Reached XP level 7. HP: 34/51 MP: 14/18
  4074 | D:4      | Found an ancient bone altar of Kikubaaqudgha.
  4221 | D:4      | Learned a level 4 spell: Anguish
  4254 | D:5      | Reached skill level 5 in Stealth
  4446 | D:5      | Found a stormy altar of Qazlal.
  4612 | D:5      | Found Tufoips's Distillery.
  4620 | D:5      | Bought a potion of heal wounds for 55 gold pieces
  4885 | D:5      | Reached XP level 8. HP: 58/58 MP: 14/19
  5299 | D:5      | Found a basalt altar of Yredelemnul.
  5409 | D:5      | Found a snail-covered altar of Cheibriados.
  5852 | D:6      | Reached skill level 8 in Spellcasting
  5938 | D:6      | Found Hedoym's Magic Scroll Shoppe.
  6005 | D:6      | Noticed Grinder
  6009 | D:6      | Killed Grinder
  6019 | D:6      | Identified the +4 falchion "Sarcophage" {heavy, rElec rC+
                  | Str+4}
  6258 | D:6      | Noticed Pikel
  6280 | D:6      | Killed Pikel
  6281 | D:6      | Reached XP level 9. HP: 65/65 MP: 15/21
  6290 | D:6      | Learned a level 4 spell: Dispel Undead
  6412 | D:6      | Found a staircase to the Ecumenical Temple.
  6419 | Temple   | Entered the Ecumenical Temple
  6591 | D:6      | Found a blossoming altar of Fedhas.
  6971 | D:7      | Reached skill level 5 in Invocations
  7549 | D:7      | Found an ornate altar of the Wu Jian Council.
  7865 | D:8      | Found Anoudet's Jewellery Shoppe.
  7888 | D:8      | Reached skill level 5 in Fighting
  7888 | D:8      | Reached skill level 5 in Short Blades
  7888 | D:8      | Reached skill level 5 in Long Blades
  7888 | D:8      | Reached skill level 5 in Axes
  7888 | D:8      | Reached skill level 5 in Maces & Flails
  7888 | D:8      | Reached skill level 5 in Polearms
  7888 | D:8      | Reached skill level 5 in Staves
  7888 | D:8      | Reached skill level 5 in Ranged Weapons
  7888 | D:8      | Reached skill level 5 in Throwing
  7888 | D:8      | Reached skill level 5 in Armour
  7888 | D:8      | Reached skill level 5 in Shields
  7888 | D:8      | Reached skill level 5 in Unarmed Combat
  7888 | D:8      | Reached skill level 5 in Evocations
  7888 | D:8      | Reached XP level 10. HP: 74/74 MP: 22/22
  8194 | D:8      | Reached skill level 9 in Spellcasting
  8194 | D:8      | Reached skill level 5 in Conjurations
  8194 | D:8      | Reached skill level 5 in Summonings
  8194 | D:8      | Reached skill level 5 in Translocations
  8336 | D:8      | Killed an unseen horror
  8337 | D:8      | Reached skill level 5 in Shapeshifting
  8499 | D:8      | Bought an amulet of regeneration for 420 gold pieces
  8821 | D:9      | Reached skill level 5 in Hexes
  8821 | D:9      | Reached skill level 5 in Necromancy
  8821 | D:9      | Reached skill level 5 in Fire Magic
  8821 | D:9      | Reached skill level 5 in Ice Magic
  8821 | D:9      | Reached skill level 5 in Air Magic
  8821 | D:9      | Reached skill level 5 in Earth Magic
  8821 | D:9      | Reached skill level 5 in Alchemy
  8823 | D:9      | Reached XP level 11. HP: 61/81 MP: 9/24
  9007 | D:9      | Found a sparkling altar of Nemelex Xobeh.
  9064 | D:9      | Found a staircase to the Lair.
  9176 | D:10     | Entered Level 10 of the Dungeon
  9176 | D:10     | Noticed a +0 rapier
  9177 | D:10     | Found Riafasm's Weapon Emporium.
  9179 | D:10     | Noticed a +0 demon blade
  9184 | D:10     | Found Bienoshi's Antique Weapon Emporium.
  9262 | D:10     | Found a shimmering blue altar of Sif Muna.
  9299 | D:10     | Became a worshipper of Sif Muna the Loreminder
  9439 | D:10     | Found an iron altar of Okawaru.
  9441 | D:10     | Found a white marble altar of Elyvilon.
  9712 | D:10     | Found Fiybaw's Jewellery Emporium.
  9749 | D:10     | Found a shimmering altar of Xom.
  9786 | D:10     | Found Rekoitex's Book Shoppe.
  9799 | D:10     | Noticed Erolcha
  9806 | D:10     | Killed Erolcha
 10121 | D:10     | Noticed Psyche
 10136 | D:10     | Killed Psyche
 10391 | D:11     | Noticed a purple ugly thing
 10421 | D:11     | Killed a red ugly thing
 10477 | D:11     | Noticed a manticore
 10494 | D:11     | Killed a manticore
 10495 | D:11     | Found a portal to a secret trove of treasure.
 10652 | D:11     | Noticed a cyclops
 10666 | D:11     | Killed a cyclops
 10797 | D:11     | Reached * piety under Sif Muna
 10836 | D:11     | Found a staircase to the Orcish Mines.
 10864 | D:11     | Noticed Urug
 10875 | D:11     | Reached skill level 10 in Spellcasting
 10892 | D:11     | Killed Urug
 11567 | D:11     | You fall into a shaft and drop 1 floor!
 11729 | Orc:1    | Entered Level 1 of the Orcish Mines
 11860 | Orc:1    | Found Kekilye's General Store.
 11894 | Orc:1    | Reached XP level 12. HP: 66/91 MP: 19/26
 12048 | Orc:2    | Entered Level 2 of the Orcish Mines
 12068 | Orc:2    | Found a runed translucent door.
 12075 | Orc:2    | Noticed tish's ghost (journeyman GnSh)
 12159 | Orc:2    | Killed tish's ghost
 12163 | Orc:2    | Identified the +2 dagger "Vierhichai" {speed, rN+ Will+
                  | Int-3}
 12200 | Orc:2    | Noticed Maurice
 12222 | Orc:2    | Killed Maurice
 12232 | Orc:2    | Noticed an orc high priest
 12252 | Orc:2    | Killed an orc high priest
 12257 | Orc:2    | Reached ** piety under Sif Muna
 12307 | Orc:2    | Noticed an orc high priest
 12332 | Orc:2    | Noticed a soul eater
 12340 | Orc:2    | Killed an orc high priest
 12383 | Orc:2    | Noticed an orc high priest
 12400 | Orc:2    | Killed an orc high priest
 12421 | Orc:2    | Found Vadex's Jewellery Shop.
 12429 | Orc:2    | Noticed an orc high priest
 12433 | Orc:2    | Found Ylodicin's Weapon Shop.
 12441 | Orc:2    | Killed an orc high priest
 12441 | Orc:2    | Reached *** piety under Sif Muna
 12571 | Orc:2    | Found Kemunay's Antique Armour Boutique.
 12586 | Orc:2    | Found Wuocyxe's Antique Armour Boutique.
 12600 | Orc:2    | Bought a blackened leather armour for 189 gold pieces
 12600 | Orc:2    | Identified the +0 leather armour "Keink" {Rampage rCorr
                  | Dex+3} (You bought it in a shop on level 2 of the Orcish
                  | Mines)
 12780 | Orc:2    | Noticed an orc warlord
 12810 | Orc:2    | Killed an orc warlord
 12811 | Orc:2    | Reached XP level 13. HP: 98/98 MP: 3/27
 12938 | Orc:2    | Found a staircase to the Elven Halls.
 13066 | Orc:2    | Bought a translucent scarf for 270 gold pieces
 13066 | Orc:2    | Identified the scarf of Dicsoafi {repulsion, +Blink rN+
                  | rCorr Dex-4} (You bought it in a shop on level 2 of the
                  | Orcish Mines)
 13137 | Orc:2    | Found a radiant altar of Vehumet.
 13447 | Orc:1    | Reached **** piety under Sif Muna
 13464 | Orc:1    | Reached skill level 11 in Spellcasting
 13612 | Orc:1    | Noticed an orc warlord
 13826 | Orc:1    | Slain by an orc warlord

Illustrated notes

Levels and vault maps discovered:
D:1:      dpeg_arrival_simpleton_b, layout_loops_corners, serial_shops, shop,
          dreamdust_wishing_well, dreamdust_mushroom_princess, moated_statue,
          minmay_vboxes
D:2:      layout_loops_ring, serial_shops, nicolae_shop_gaudy_bauble
D:3:      layout_basic, shapermc_ecumenical_altar_venn, uniq_crazy_yiuf_cottage
D:4:      layout_rooms, mainiacjoe_overflow_alcove_4, uniq_eustachio,
          uniq_duvessa
D:5:      layout_rooms, mainiacjoe_overflow_catwalk, cheibrodos_worm_habitat,
          serial_shops, shop, minmay_ruined_shrine
D:6:      layout_loops_corners, fedhas_altar_4, minmay_temple_entry_butterflies,
          serial_shops, shop, uniq_pikel, uniq_grinder
D:7:      layout_loops_ring, lemuel_round_altar
D:8:      layout_rooms, serial_shops, shop
D:9:      layout_rooms, general_overflow_altar, dpeg_oklobed_lair
D:10:     layout_basic, mainiacjoe_overflow_alcove_2,
          mainiacjoe_overflow_divided_tiny, nicolae_overflow_crystal_walls,
          serial_shops, shop, nicolae_shop_mannequins, shop, shop, uniq_erolcha,
          uniq_psyche
D:11:     layout_loops_corners, orc_0_dummy, enter_trove_0, uniq_urug
D:12:     layout_small_grid, kennysheep_minor_cross, uniq_josephine
Temple:   nicolae_temple_slightly_damp_pantheon
Orc:1:    layout_caves, serial_shops, nicolae_shop_behind_doors,
          minmay_orc_treasury
Orc:2:    st_orc_mages, layout_diamond_mine, basic_altar,
          ebering_ghost_reflecting_pool, uniq_maurice

Skill      XL: |  1  2  3  4  5  6  7  8  9 10 11 12 13 |
---------------+----------------------------------------+-----
Conjurations   | 2 3 4 5 6 7 |  7.3
Summonings     | 2 3 4 5 6 7 |  7.3
Translocations | 2 3 4 5 6 7 |  7.3
Invocations    | 1 2 3 4 5 6 7 8 9 |  9.2
Fighting       | 1 2 3 4 5 6 7 8 |  8.4
Short Blades   | 1 2 3 4 5 6 7 8 |  8.4
Long Blades    | 1 2 3 4 5 6 7 8 |  8.4
Axes           | 1 2 3 4 5 6 7 8 |  8.4
Maces & Flails | 1 2 3 4 5 6 7 8 |  8.4
Polearms       | 1 2 3 4 5 6 7 8 |  8.4
Staves         | 1 2 3 4 5 6 7 8 |  8.4
Ranged Weapons | 1 2 3 4 5 6 7 8 |  8.4
Throwing       | 1 2 3 4 5 6 7 8 |  8.4
Armour         | 1 2 3 4 5 6 7 8 |  8.4
Shields        | 1 2 3 4 5 6 7 8 |  8.4
Unarmed Combat | 1 2 3 4 5 6 7 8 |  8.4
Evocations     | 1 2 3 4 5 6 7 8 |  8.4
Shapeshifting  | 1 2 3 4 5 6 7 |  7.6
Hexes          | 1 2 3 4 5 6 7 |  7.0
Necromancy     | 1 2 3 4 5 6 7 |  7.0
Fire Magic     | 1 2 3 4 5 6 7 |  7.0
Ice Magic      | 1 2 3 4 5 6 7 |  7.0
Air Magic      | 1 2 3 4 5 6 7 |  7.0
Earth Magic    | 1 2 3 4 5 6 7 |  7.0
Alchemy        | 1 2 3 4 5 6 7 |  7.0
Dodging        | 5 6 7 8 9 |  9.6
Stealth        | 5 6 7 8 9 |  9.4
Spellcasting   | 8 9 10 11 | 11.0

Action                     |  1- 3 |  4- 6 |  7- 9 | 10-12 | 13-15 || total
---------------------------+-------+-------+-------+-------+-------++-------
  Melee: Dagger            |    15 |    44 |   216 |   243 |       ||   518
         Short sword       |   113 |     2 |       |       |       ||   115
         Bite              |     6 |     5 |    30 |    61 |     5 ||   107
         Punch             |     2 |     1 |     8 |    27 |     3 ||    41
         Quarterstaff      |       |    18 |    26 |     6 |       ||    50
         Falchion          |       |       |       |     9 |     9 ||    18
         Staff             |       |       |       |   124 |    28 ||   152
  Throw: Dart              |       |     6 |     2 |       |       ||     8
   Cast: Magic Dart        |    22 |       |       |       |       ||    22
         Ensorcelled Hiber |    19 |    17 |    48 |    23 |     2 ||   109
         Call Imp          |     2 |     5 |     4 |     3 |     1 ||    15
         Mephitic Cloud    |       |     5 |     3 |     3 |       ||    11
         Blink             |       |     2 |       |     5 |       ||     7
         Olgreb's Toxic Ra |       |       |     6 |    85 |    18 ||   109
         Anguish           |       |       |     3 |     4 |     2 ||     9
         Dispel Undead     |       |       |       |    10 |       ||    10
 Invoke: Channel Magic     |       |       |       |     2 |       ||     2
Ability: Evoke Blink       |       |       |       |       |     1 ||     1
  Evoke: Wand              |       |     3 |     3 |     6 |       ||    12
    Use: Scroll            |     2 |       |    10 |     4 |     1 ||    17
         Potion            |       |     2 |     1 |       |       ||     3
   Stab: Sleeping          |    17 |     6 |    25 |    10 |       ||    58
         Confused          |       |     2 |     1 |     2 |       ||     5
         Paralysed         |       |     1 |     3 |       |       ||     4
         Invisible         |       |       |       |     2 |       ||     2
 Armour: Robe              |    39 |     2 |    56 |   148 |    25 ||   270
         Leather armour    |     6 |    14 |       |       |       ||    20
  Dodge: Dodged            |   112 |    67 |   242 |   406 |    65 ||   892
         Repelled          |       |       |       |       |     1 ||     1

Table legend: (Time is in decaauts)
 A = Elapsed time spent in this place.
 B = Non-inter-level travel time spent in this place.
 C = Inter-level travel time spent in this place.
 D = Time resting spent in this place.
 E = Time spent auto-exploring this place.
 F = Levels seen in this place.
 G = Mean time per level.
                   A        B        C        D        E       F      G
               +--------+--------+--------+--------+--------+-----+--------+
         Total |  13690 |  13330 |    360 |   1342 |   7300 |  15 |  912.7 |
       Dungeon |  11673 |  11347 |    326 |   1090 |   6671 |  12 |  972.8 |
        Temple |     18 |     18 |      0 |      0 |      0 |   1 |   18.0 |
  Orcish Mines |   1998 |   1965 |     33 |    252 |    629 |   2 |  999.0 |
               +--------+--------+--------+--------+--------+-----+--------+

Top non-repeatable levels by time:
     D:1: 1436 daAuts
    D:11: 1382 daAuts
   Orc:2: 1309 daAuts
     D:5: 1284 daAuts
     D:4: 1274 daAuts
    D:10: 1179 daAuts
     D:6: 1034 daAuts
     D:3: 1034 daAuts
     D:7: 989 daAuts
     D:2: 736 daAuts
   Orc:1: 688 daAuts
     D:8: 671 daAuts
     D:9: 627 daAuts
    D:12: 21 daAuts
  Temple: 18 daAuts
